 Dungeon Crawl Stone Soup version 0.28-a0-1447-ga5a8893891 (webtiles) character file.

Game seed: 456932681952083293

146 bladeefan the Skirmisher (level 5, 0/43 HPs)
             Began as a Demonspawn Fighter on Jan 11, 2022.
             Killed from afar by an orc wizard (7 damage)
             ... with a puff of flame
             ... on level 3 of the Dungeon.
             The game lasted 00:03:15 (2994 turns).

bladeefan the Skirmisher (Demonspawn Fighter)       Turns: 2994, Time: 00:03:16

Health: 0/43       AC:  6    Str: 18    XL:     5   Next: 7%
Magic:  5/5        EV: 11    Int: 10    God:
Gold:   136        SH:  4    Dex: 12    Spells: 4/4 levels left

rFire   . . .      SeeInvis .   a - +0 flail
rCold   . . .      Faith    .   c - +0 buckler
rNeg    . . .      Spirit   .   b - +0 scale mail
rPois   .          Reflect  .   (no helmet)
rElec   .          Harm     .   (no cloak)
rCorr   .          Rampage  .   (no gloves)
Will    .....                   (no boots)
Stlth   ..........              (no amulet)
HPRegen 0.14/turn               (no ring)
MPRegen 0.09/turn               (no ring)

@: no status effects
A: repulsion field 1, demonic guardian 1
a: no special abilities


You were on level 3 of the Dungeon.
You visited 1 branch of the dungeon, and saw 3 of its levels.

You collected 136 gold pieces.

Inventory:

Hand Weapons
 a - a +0 flail (weapon)
Armour
 b - a +0 scale mail (worn)
 c - a +0 buckler (worn)
 i - a +0 pair of boots
   (You found it on level 1 of the Dungeon)
Scrolls
 e - a scroll of fear {unknown}
 h - a scroll of teleportation {unknown}
 j - a scroll of magic mapping {unknown}
Potions
 d - a potion of mutation {unknown}
 f - 2 potions of heal wounds {unknown}
 k - a potion of curing {unknown}


   Skills:
 * Level 4.6 Fighting
 + Level 2.8 Maces & Flails
 + Level 3.4 Armour
 - Level 2.6 Shields


You had 4 spell levels left.
You didn't know any spells.
Your spell library contained the following spells:

 Spells                   Type           Power      Damage    Failure   Level
 Summon Small Mammal      Summ           0%         N/A       83%         1
 Blink                    Tloc           0%         N/A       93%         2
 Call Canine Familiar     Summ           0%         N/A       99%         3
 Lesser Beckoning         Tloc           0%         N/A       99%         3
 Summon Guardian Golem    Hex/Summ       0%         N/A       99%         3
 Manifold Assault         Tloc           0%         N/A       100%        5


Dungeon Overview and Level Annotations

Branches:
Dungeon (3/15)

Altars:


Innate Abilities, Weirdness & Mutations

You are surrounded by a mild repulsion field. (EV +2)
A weak demonic guardian rushes to your aid.


Message History

Your surroundings suddenly seem different.
A jackal, an endoplasm, a rat and 5 orcs come into view.
The jackal barks!
The endoplasm quivers.
The orc shouts! x2; The orc wizard shouts!
The orc shouts!
The orc priest shouts!
You hear a shout!
The orc priest invokes the aid of Beogh against you.
Beogh smites you! The orc hits you but does no damage.
A rat comes into view.
You block the orc's attack.
The orc priest looks satisfied for a moment.
The jackal bites you but does no damage.
You block the jackal's attack.
You thump the jackal!
You kill the jackal!
You closely miss the orc. The orc barely misses you.
You sock the orc!
You kill the orc!
The orc wizard gestures at you while chanting.
You are confused.
Things that are here:
a +0 hand axe; an orc corpse You're too confused to move!
The orc wizard barely misses you.
You bump into the rock wall.
The orc wizard hits you with a +0 dagger.
You hit the orc wizard. The orc wizard barely misses you.
The orc priest calls upon Beogh to heal the orc wizard.
The orc wizard's wounds heal themselves!
The orc wizard barely misses you.
You bump into the rock wall.
The orc wizard hits you but does no damage.
You miss the orc wizard.
The orc wizard hits you with a +0 dagger.
The orc priest calls down the wrath of Beogh upon you.
Beogh smites you!
* * * LOW HITPOINT WARNING * * *
You're too confused to move!
You feel less confused. The orc wizard barely misses you.
The orc priest calls down the wrath of Beogh upon you.
Beogh smites you!
* * * LOW HITPOINT WARNING * * *
As you read the scroll labelled ECVEPE UFOMP, it crumbles to dust.
Your body is wracked with pain!
* * * LOW HITPOINT WARNING * * *
A demonic guardian appears!
The orc wizard convulses!
The endoplasm convulses!
It was a scroll of torment.
The orc wizard casts a spell at you. The puff of flame hits you!
You die...

#. ###
.....# #
#.##.# ..
#.##.# ...
#.##.# ....
#.##@#
.....##.##o#
......r..J5#
......#o####
......#o###
#.#...oo.#
......ro..#
..###..J..#
#.#...#


You could see an orc wizard, an endoplasm (ally target) and a friendly ufetubus
(summoned).

Vanquished Creatures
  Terence (D:2)
  A gnoll (D:2)
  4 adders (D:2)
  A worm (D:2)
  2 dart slugs (D:2)
  An orc (D:3)
  3 endoplasms
  4 giant cockroaches (D:1)
  7 goblins
  4 hobgoblins
  7 jackals
  4 kobolds (D:1)
  3 quokkas
  11 ball pythons
  5 bats
  A frilled lizard (D:2)
  4 rats
63 creatures vanquished.

Vanquished Creatures (collateral kills)
  A giant cockroach (D:2)
1 creature vanquished.

Vanquished Creatures (others)
  6 demonic plants (D:1)
  A withered plant (D:1)
7 creatures vanquished.

Grand Total: 71 creatures vanquished

Notes
Turn   | Place    | Note
-------+----------+-------------------------------------------
     0 | D:1      | bladeefan the Demonspawn Fighter began the quest for the
                  | Orb.
     0 | D:1      | Reached XP level 1. HP: 18/18 MP: 1/1
   549 | D:1      | Gained mutation: You are surrounded by a mild repulsion
                  | field. (EV +2) [demonic ancestry]
   549 | D:1      | Reached XP level 2. HP: 19/24 MP: 2/2
   836 | D:1      | Found a faded altar of an unknown god.
   970 | D:1      | Gained mutation: A weak demonic guardian rushes to your
                  | aid. [demonic ancestry]
   970 | D:1      | Reached XP level 3. HP: 29/29 MP: 3/3
  1541 | D:2      | Reached skill level 4 in Fighting
  1620 | D:2      | Noticed Terence
  1646 | D:2      | Killed Terence
  1647 | D:2      | Reached XP level 4. HP: 16/37 MP: 4/4
  2766 | D:2      | Reached XP level 5. HP: 43/43 MP: 5/5
  2994 | D:3      | Killed from afar by an orc wizard

Illustrated notes

Levels and vault maps discovered:
D:1:      minmay_arrival_loop, layout_basic, shapermc_ecumenical_altar_gd
D:2:      minmay_razor_zed, layout_basic, grunt_decor_junction,
          kennysheep_generic_room_14, uniq_terence
D:3:      layout_loops_cross, okawaru_ov_weapons_minmay,
          nicolae_hepliaklqana_monster_ancestors, minmay_fractal_squares_5

Skill      XL: |  1  2  3 |
---------------+----------+-----
Maces & Flails | 2 |  2.8
Armour         | 3 |  3.4
Fighting       | 4 |  4.6
Shields        | |  2.6

Action                   |  1- 3 |  4- 6 || total
-------------------------+-------+-------++-------
Melee: Flail             |   121 |   102 ||   223
  Use: Potion            |     1 |       ||     1
       Scroll            |       |     1 ||     1
Armor: Scale mail        |    47 |    45 ||    92
       Skin              |     7 |       ||     7
Dodge: Dodged            |    51 |    77 ||   128
Block: Buckler           |    20 |    26 ||    46

Table legend: (Time is in decaauts)
 A = Elapsed time spent in this place.
 B = Non-inter-level travel time spent in this place.
 C = Inter-level travel time spent in this place.
 D = Time resting spent in this place.
 E = Time spent auto-exploring this place.
 F = Levels seen in this place.
 G = Mean time per level.
                   A        B        C        D        E       F      G
               +--------+--------+--------+--------+--------+-----+--------+
         Total |   3067 |   2979 |     88 |    618 |   1840 |   3 | 1022.3 |
       Dungeon |   3067 |   2979 |     88 |    618 |   1840 |   3 | 1022.3 |
               +--------+--------+--------+--------+--------+-----+--------+

Top non-repeatable levels by time:
     D:2: 1757 daAuts
     D:1: 1277 daAuts
     D:3: 33 daAuts
